AoeStats
← Michi Fortune

Arena

510920927Analyzed
4v4 RM · 15h ago on Oct 3, 2026· 109m 16s· 8 players
Game mode
Random Map
Map size
Large (8 player)
Population
200
Speed
Normal
Resources
Standard
Victory
Conquest
Starting age
Dark Age
Ending age
Imperial Age
RankedLock teamsTeams togetherTeam positionsShared explorationLock speedFull tech treeHidden civsTurbo modeCheats
Victory
Defeat
🇺🇸 Portuguese · United States
748
+15
🇺🇸 Teutons · United States
678
+18
🇨🇳 Ethiopians · China
675
+18
🇷🇺 Maya · Russia
644
+18
🇺🇸 Burgundians · United States
754
-19
🇨🇳 Goths · China
737
-18
🇵🇪 Bulgarians · Peru
716
-17
🇨🇱 Spanish · Chile
661
-18
Paradox™
11:39 Feudal Age
15:50 Castle Age
15:02 Horse Collar
17:23 Double-Bit Axe
17:41 Heavy Plow
18:30 Bow Saw
22:06 Wheelbarrow
21:17 Loom
22:48 Stone Mining
22:49 Gold Mining
25:34 Hand Cart
27:31 Stone Shaft Mining
27:22 Ballistics
33:23 Imperial Age
31:36 Caravan
35:03 Two-Man Saw
34:37 Crop Rotation
33:59 Fletching
34:10 Padded Archer Armor
34:17 Scale Barding Armor
34:24 Forging
34:14 Scale Mail Armor
34:39 Conscription
34:12 Elite Teutonic Knight
37:12 Hoardings
37:00 Ironclad
37:01 Crenellations
37:27 Iron Casting
37:12 Chain Barding Armor
36:48 Bodkin Arrow
37:14 Leather Archer Armor
37:15 Chain Mail Armor
38:30 Chemistry
37:41 Pikeman
38:24 Squires
38:49 Halberdier
41:45 Blast Furnace
41:16 Plate Mail Armor
43:05 Heavy Scorpion
45:12 Ring Archer Armor
49:03 Elite Skirmisher
Burger King
15:27 Feudal Age
17:01 Horse Collar
17:08 Double-Bit Axe
18:05 Wheelbarrow
18:53 Gold Mining
21:19 Castle Age
20:08 Fletching
22:31 Heavy Plow
22:44 Bow Saw
24:18 Stone Mining
25:19 Hand Cart
25:47 Stone Shaft Mining
26:11 Loom
27:42 Town Watch
29:38 Bodkin Arrow
31:26 Town Watch
34:52 Imperial Age
32:55 Fortified Wall
33:54 Ballistics
33:32 Treadmill Crane
34:35 Scale Mail Armor
34:44 Heated Shot
35:00 Murder Holes
38:50 Man-at-Arms
40:38 Two-Man Saw
40:10 Crop Rotation
41:37 Conscription
41:50 Forging
42:40 Long Swordsman
43:08 Gambesons
43:11 Arson
43:44 Chain Mail Armor
44:05 Iron Casting
43:59 Town Patrol
43:59 Two-Handed Swordsman
45:47 Plate Mail Armor
53:09 Champion
56:06 Blast Furnace
56:20 Chemistry
58:18 Bracer
60:42 Siege Engineers
60:48 Masonry
63:01 Bombard Tower
64:40 Arquebus
70:19 Scale Barding Armor
71:22 Chain Barding Armor
71:41 Cavalier
72:23 Husbandry
72:35 Bloodlines
73:02 Plate Barding Armor
73:58 Architecture
99:44 Caravan
104:21 Pikeman
104:57 Halberdier
VET
12:11 Feudal Age
12:38 Double-Bit Axe
13:31 Wheelbarrow
12:39 Horse Collar
12:55 Gold Mining
12:55 Stone Mining
21:59 Castle Age
23:03 Hand Cart
23:43 Bow Saw
27:11 Stone Shaft Mining
29:48 Heavy Plow
32:35 Ballistics
32:27 Hul'che Javelineers
34:34 Town Watch
34:35 Loom
35:44 Fletching
35:55 Padded Archer Armor
38:39 Imperial Age
36:58 Bodkin Arrow
37:19 Leather Archer Armor
37:20 Masonry
38:44 Elite Plumed Archer
40:13 Hoardings
39:59 Conscription
39:46 Bracer
40:16 Ring Archer Armor
39:29 Treadmill Crane
40:20 Architecture
39:46 Murder Holes
40:06 Town Patrol
41:31 Chemistry
41:31 Forging
41:22 Scale Mail Armor
41:24 Caravan
43:21 Chain Mail Armor
43:42 Iron Casting
44:50 Thumb Ring
44:07 Crossbowman
44:08 Elite Skirmisher
46:18 Blast Furnace
45:48 Plate Mail Armor
45:32 Fortified Wall
44:55 Pikeman
45:35 Squires
45:35 Arson
45:23 Eagle Warrior
47:12 Two-Man Saw
46:45 Crop Rotation
47:06 Heated Shot
47:27 Halberdier
49:56 Elite Eagle Warrior
55:29 Guilds
55:50 Coinage
54:48 Man-at-Arms
56:49 Holcans
56:32 Onager
57:06 Heavy Scorpion
57:07 Capped Ram
57:10 Long Swordsman
58:29 Banking
57:48 Two-Handed Swordsman
60:44 Sappers
98:37 Siege Ram
暗夜惜黎
11:45 Feudal Age
12:31 Horse Collar
13:37 Double-Bit Axe
18:24 Castle Age
19:04 Wheelbarrow
19:35 Heavy Plow
19:47 Squires
20:19 Bow Saw
22:32 Gold Mining
24:56 Gold Shaft Mining
26:32 Town Watch
30:43 Arson
33:35 Imperial Age
TheBoss2333
11:20 Feudal Age
9:57 Double-Bit Axe
10:35 Gold Mining
10:44 Horse Collar
13:41 Stone Mining
18:39 Scale Mail Armor
20:37 Forging
21:33 Heavy Plow
25:09 Castle Age
24:07 Gold Shaft Mining
24:47 Stone Shaft Mining
26:54 Chain Mail Armor
27:20 Crop Rotation
27:05 Bow Saw
28:11 Iron Casting
30:54 Arson
35:12 Imperial Age
35:52 Scale Barding Armor
39:41 Blast Furnace
39:46 Chain Barding Armor
40:49 Plate Barding Armor
41:57 Plate Mail Armor
43:14 Pikeman
44:20 Halberdier
45:10 Caravan
46:57 Two-Man Saw
47:30 Chemistry
47:30 Wheelbarrow
48:20 Elite Coustillier
52:22 Conscription
58:54 Burgundian Vineyards
63:02 Padded Archer Armor
62:52 Fletching
63:44 Bodkin Arrow
66:47 Bracer
67:03 Leather Archer Armor
gabosoro201105
11:53 Feudal Age
14:05 Double-Bit Axe
19:35 Castle Age
18:02 Forging
23:21 Horse Collar
25:44 Bow Saw
25:41 Scale Mail Armor
28:29 Wheelbarrow
33:58 Imperial Age
31:46 Hand Cart
31:55 Heavy Plow
31:49 Gold Mining
34:44 Gold Shaft Mining
34:05 Cavalier
35:56 Capped Ram
37:21 Stone Mining
40:19 Town Watch
44:38 Chemistry
44:19 Bagains
45:09 Crop Rotation
44:44 Town Patrol
44:16 Onager
45:53 Chain Mail Armor
45:44 Scale Barding Armor
49:29 Plate Mail Armor
49:19 Chain Barding Armor
51:59 Murder Holes
54:15 Plate Barding Armor
54:35 Elite Konnik
55:16 Siege Onager
55:24 Heavy Scorpion
85:04 Siege Onager
86:39 Masonry
86:37 Siege Engineers
93:41 Stone Shaft Mining
100:08 Iron Casting
107:27 Husbandry
Michi Fortune
14:04 Feudal Age
20:13 Double-Bit Axe
24:48 Castle Age
24:13 Horse Collar
25:12 Wheelbarrow
24:37 Man-at-Arms
25:42 Loom
26:27 Heavy Plow
32:14 Bow Saw
35:21 Hand Cart
35:53 Stone Mining
35:54 Gold Mining
51:25 Imperial Age
48:41 Town Watch
50:50 Elite Skirmisher
51:38 Thumb Ring
56:47 Guilds
57:07 Coinage
56:38 Caravan
58:07 Elite Conquistador
58:34 Heavy Mounted Crossbowman
61:27 Cavalier
62:08 Husbandry
61:41 Pikeman
62:22 Squires
62:09 Arson
62:11 Gambesons
61:47 Man-at-Arms
67:39 Paladin
68:34 Halberdier
69:44 Long Swordsman
70:43 Long Swordsman
73:44 Banking
73:23 Siphons
73:39 Shipwright
73:30 Clinker Construction
73:31 Careening
73:17 Murder Holes
73:32 Fortified Wall
73:13 Guard Tower
73:45 Ballistics
74:25 Chemistry
73:11 Arrowslits
73:37 Masonry
73:32 Town Patrol
73:16 Paladin
75:59 Sanctity
76:00 Heresy
76:16 Theocracy
75:41 Devotion
75:37 Herbal Medicine
75:58 Block Printing
75:58 Fervor
93:52 Hoardings
zhaozhao
0:41 Loom
10:59 Feudal Age
12:20 Wheelbarrow
11:35 Double-Bit Axe
14:18 Gold Mining
17:53 Castle Age
17:56 Stone Mining
19:28 Bow Saw
19:01 Horse Collar
21:47 Heavy Plow
25:15 Stone Shaft Mining
25:14 Hand Cart
25:53 Man-at-Arms
25:58 Pikeman
27:03 Forging
28:13 Scale Mail Armor
28:19 Squires
33:10 Imperial Age
30:43 Long Swordsman
31:42 Chain Mail Armor
32:03 Iron Casting
34:00 Perfusion
34:22 Conscription
33:34 Halberdier
34:16 Capped Ram
36:49 Blast Furnace
38:25 Two-Handed Swordsman
39:20 Champion
52:57 Two-Man Saw
91:23 Onager
Connection lost

Rejoining the realm…

Still unreachable

The connection could not be restored.

Session expired

The server has moved on; the page needs a fresh start.